 Dungeon Crawl Stone Soup version 0.28-a0-1074-g3cb2360906 (webtiles) character file.

Game seed: 529322696359348544

588 Peloso the Slasher (level 7, 0/60 HPs)
             Began as a Minotaur Fighter on Dec 9, 2021.
             Slain by a killer bee (7 damage)
             ... on level 4 of the Dungeon.
             The game lasted 00:06:35 (4086 turns).

Peloso the Slasher (Minotaur Fighter)               Turns: 4086, Time: 00:06:35

Health: 0/60       AC:  7    Str: 20    XL:     7   Next: 15%
Magic:  6/6        EV: 10    Int:  5    God:
Gold:   214        SH:  5    Dex: 12    Spells: 6/6 levels left

rFire   . . .      SeeInvis .   a - +0 long sword (spect)
rCold   . . .      Faith    .   c - +0 buckler
rNeg    . . .      Spirit   .   b - +0 scale mail
rPois   .          Reflect  .   (helmet restricted)
rElec   .          Harm     .   (no cloak)
rCorr   .          Rampage  .   (no gloves)
Will    .....                   (no boots)
Stlth   ..........              (no amulet)
HPRegen 0.20/turn               i - ring of flight
MPRegen 0.10/turn               (no ring)

@: flying
A: horns 2, retaliatory headbutt
a: no special abilities


You were on level 4 of the Dungeon.
You visited 2 branches of the dungeon, and saw 5 of its levels.
You also visited: Sewer.

You collected 214 gold pieces.

Inventory:

Hand Weapons
 a - a +0 spectral long sword (weapon)
Armour
 b - a +0 scale mail (worn)
 c - a +0 buckler (worn)
Jewellery
 i - a ring of flight (left hand)
 m - a +6 ring of intelligence
Wands
 l - a wand of paralysis (7)
Scrolls
 e - a scroll of enchant weapon {unknown}
 j - a scroll of vulnerability {unknown}
 q - a scroll of teleportation
 r - a scroll of identify
Potions
 d - a potion of might
 f - 2 potions of degeneration {unknown}
 g - a potion of haste {unknown}
 h - 2 potions of magic
 k - a potion of curing {unknown}
 n - a potion of berserk rage {unknown}
 o - 4 potions of heal wounds
 p - 3 potions of flight


   Skills:
 + Level 4.7 Fighting
 + Level 6.2 Long Blades
 + Level 5.7 Armour
 + Level 2.2 Dodging
 + Level 0.5 Stealth
 + Level 5.0 Shields


You had 6 spell levels left.
You didn't know any spells.
Your spell library contained the following spells:

 Spells                   Type           Power      Damage    Failure   Level
 Freeze                   Ice            0%         1d3       80%         1
 Frozen Ramparts          Ice            0%         1d2       99%         3
 Hailstorm                Conj/Ice       0%         3d3       100%        4
 Borgnjor's Revivificati  Necr           0%         N/A       100%        8
 Necromutation            Tmut/Necr      0%         N/A       100%        8
 Death's Door             Necr           0%         N/A       100%        9


Dungeon Overview and Level Annotations

Branches:
Dungeon (4/15)             Temple (1/1) D:4           Sewer (visited)

Altars:
Ashenzari
Cheibriados
Dithmenos
Elyvilon
Gozag
Kikubaaqudgha
Makhleb
Nemelex Xobeh
Qazlal
Sif Muna
Trog
Xom
Yredelemnul
Zin


Innate Abilities, Weirdness & Mutations

You have a pair of horns on your head.
You reflexively headbutt those who attack you in melee.


Message History

You kill the killer bee!
You feel sick.
The killer bee stings you but does no damage.
Your Shields skill increases to level 5!
Unknown command.
You closely miss the killer bee.
Your +0 spectral long sword hits the killer bee.
You feel sick.
You are no longer poisoned.
The killer bee barely misses your +0 spectral long sword.
The killer bee stings you.
* * * LOW HITPOINT WARNING * * *
The killer bee barely misses your +0 spectral long sword.
The killer bee closely misses you. You furiously retaliate!
You headbutt the killer bee. You hit the killer bee.
The killer bee is almost dead.
Your +0 spectral long sword barely misses the killer bee.
The killer bee stings your +0 spectral long sword but does no damage.
The killer bee stings you.
* * * LOW HITPOINT WARNING * * *
You are poisoned.
The killer bee poisons you!
The killer bee barely misses your +0 spectral long sword.
The killer bee completely misses your +0 spectral long sword.
You feel sick.
The killer bee stings you but does no damage.
The killer bee stings you.
* * * LOW HITPOINT WARNING * * *
You see here a killer bee corpse.
You feel sick. The killer bee closely misses you. You furiously retaliate!
You headbutt the killer bee.
You feel sick. The killer bee closely misses you.
You feel sick.
You feel sick.
You are no longer poisoned.
The killer bee barely misses you.
There is a stone staircase leading up here.
The killer bee stings you!
You die...

#.# #.....#≈≈≈≈≈≈'.#.# #.#
#####.+##≈≈###≈#.#
#.#########..####.###.#
#........# #..........#
#..#####.# #.#.#.###### #..#
#.# #.....#
#..#####.#####.#####
##..#.......y.>.##..######
####...#.###.#yy@..#..8#..≈{#
.........# #.#.###..._.'..≈o#
####...### #.#.# #.#..8#..≈.#
##..... ..#y###.##..######
#.########.....##### #.#
#†.#### #+# #..# #..# #...


You could see 3 killer bees.

Vanquished Creatures
  A necrophage (D:4)
  A phantom (D:3)
  A kobold brigand (Sewer)
  2 killer bees (D:4)
  A scorpion zombie (D:3)
  3 orc wizards (D:4)
  4 gnolls (D:2)
  3 adders
  An adder skeleton (D:4)
  2 worms
  2 dart slugs (D:1)
  2 orcs (D:4)
  3 ball pythons
  7 bats
  5 endoplasms (D:1)
  3 giant cockroaches
  5 goblins
  6 hobgoblins
  5 jackals
  14 kobolds
  5 quokkas
  3 frilled lizards
  A giant cockroach zombie (D:3)
  17 rats
97 creatures vanquished.

Vanquished Creatures (others)
  6 plants
6 creatures vanquished.

Grand Total: 103 creatures vanquished

Notes
Turn   | Place    | Note
-------+----------+-------------------------------------------
     0 | D:1      | Peloso the Minotaur Fighter began the quest for the Orb.
     0 | D:1      | Reached XP level 1. HP: 19/19 MP: 0/0
   289 | D:1      | Reached XP level 2. HP: 27/27 MP: 1/1
   646 | D:1      | Reached XP level 3. HP: 33/33 MP: 2/2
   725 | D:1      | Found a faded altar of an unknown god.
   925 | D:1      | Reached skill level 3 in Long Blades
  1115 | D:2      | Found a snail-covered altar of Cheibriados.
  1146 | D:2      | Reached XP level 4. HP: 26/40 MP: 3/3
  1172 | D:2      | Reached skill level 4 in Long Blades
  2282 | D:3      | Reached skill level 1 in Dodging
  2282 | D:3      | Found a glowing silver altar of Zin.
  2385 | D:3      | Noticed a phantom
  2396 | D:3      | Killed a phantom
  2397 | D:3      | Reached XP level 5. HP: 38/46 MP: 4/4
  2548 | D:3      | Reached skill level 5 in Long Blades
  2550 | D:3      | Found a basalt altar of Yredelemnul.
  3114 | D:3      | Noticed a moth of wrath
  3117 | D:3      | Found a bloodstained altar of Trog.
  3324 | D:4      | Found a shimmering blue altar of Sif Muna.
  3366 | D:4      | Found a staircase to the Ecumenical Temple.
  3394 | D:4      | Found a glowing drain.
  3399 | Sewer    | Entered a sewer
  3499 | Sewer    | Reached skill level 5 in Armour
  3499 | Sewer    | Reached XP level 6. HP: 53/53 MP: 5/5
  3524 | Sewer    | Found a white marble altar of Elyvilon.
  3580 | Temple   | Entered the Ecumenical Temple
  3811 | D:4      | Reached skill level 6 in Long Blades
  4075 | D:4      | Reached XP level 7. HP: 34/60 MP: 6/6
  4079 | D:4      | Reached skill level 5 in Shields
  4086 | D:4      | Slain by a killer bee

Illustrated notes

Levels and vault maps discovered:
D:1:      dpeg_arrival_brainrot, layout_basic,
          hellmonk_ecumenical_altar_zigzags, roderic_lattice_a,
          hangedman_feature_mirror, supply_closet_lemuel, minmay_split_cup_small
D:2:      layout_basic, basic_altar, lexackson_kobold_supper
D:3:      cheibrodos_old_hovel, layout_loops_corners,
          mainiacjoe_overflow_chevrons, lemuel_zombie_altar_yredelemnul,
          tgw_trog
D:4:      layout_loops_corners, kennysheep_little_box, led_sif_book,
          minmay_temple_entry_offerings, gup_sewer_entry_bowl,
          minmay_starry_boxes
Temple:   nicolae_temple_figure_zero

Skill      XL: |  1  2  3  4  5  6  7 |
---------------+----------------------+-----
Shields        | 4 5 |  5.0
Armour         | 4 5 |  5.7
Long Blades    | 3 4 5 6 |  6.2
Fighting       | 4 |  4.7
Dodging        | 1 2 |  2.2
Stealth        | |  0.5

Action                   |  1- 3 |  4- 6 |  7- 9 || total
-------------------------+-------+-------+-------++-------
Melee: Long sword        |    70 |   122 |     4 ||   196
       Headbutt          |    12 |    24 |       ||    36
  Use: Scroll            |       |     4 |       ||     4
 Stab: Distracted        |       |       |     1 ||     1
Armor: Scale mail        |    41 |    51 |     2 ||    94
Dodge: Dodged            |    38 |    54 |     4 ||    96
Block: Buckler           |    21 |    32 |       ||    53

Table legend: (Time is in decaauts)
 A = Elapsed time spent in this place.
 B = Non-inter-level travel time spent in this place.
 C = Inter-level travel time spent in this place.
 D = Time resting spent in this place.
 E = Time spent auto-exploring this place.
 F = Levels seen in this place.
 G = Mean time per level.
                   A        B        C        D        E       F      G
               +--------+--------+--------+--------+--------+-----+--------+
         Total |   4122 |   4002 |    120 |      0 |   3054 |   6 |  687.0 |
       Dungeon |   3803 |   3683 |    120 |      0 |   2854 |   4 |  950.8 |
        Temple |    153 |    153 |      0 |      0 |    112 |   1 |  153.0 |
         Sewer |    165 |    165 |      0 |      0 |     88 |   1 |  165.0 |
               +--------+--------+--------+--------+--------+-----+--------+

Top non-repeatable levels by time:
     D:2: 1238 daAuts
     D:3: 1125 daAuts
     D:1: 990 daAuts
     D:4: 448 daAuts
   Sewer: 165 daAuts
  Temple: 153 daAuts
